 Dungeon Crawl Stone Soup version 0.29.1-15-g9cfb28693d (webtiles) character file.

Game seed: 3196465557704694568

30 javelincjr the Magician (level 3, 0/25 HPs)
             Began as a Demonspawn Hedge Wizard on Mar 27, 2023.
             Killed by nerve-wracking pain
             ... invoked by an orc priest
              (10 damage)
             ... on level 2 of the Dungeon.
             The game lasted 00:02:54 (1290 turns).

javelincjr the Magician (Demonspawn Hedge Wizard)   Turns: 1290, Time: 00:02:55

Health: 0/25       AC:  2    Str: 12    XL:     3   Next: 3%
Magic:  7/7        EV: 12    Int: 15    God:
Gold:   62         SH:  0    Dex: 12    Spells: 7/8 levels left

rFire   . . .      SeeInvis .   f - +2 short sword (speed)
rCold   . . .      Faith    .   (no shield)
rNeg    . . .      Spirit   .   b - +0 robe
rPois   .          Reflect  .   c - +0 hat
rElec   .          Harm     .   (no cloak)
rCorr   .          Rampage  .   (no gloves)
Will    .....                   (no boots)
Stlth   ++........              (no amulet)
HPRegen 0.08/turn               (no ring)
MPRegen 0.10/turn               (no ring)

@: no status effects
A: hooves 2
a: no special abilities


You were on level 2 of the Dungeon.
You visited 1 branch of the dungeon, and saw 2 of its levels.

You collected 62 gold pieces.

Inventory:

Hand Weapons
 a - a +0 dagger
 f - a +2 short sword of speed (weapon)
Armour
 b - a +0 robe (worn)
 c - a +0 hat (worn)
Scrolls
 e - a scroll of noise {unknown}
Potions
 d - a potion of magic


   Skills:
 + Level 0.8 Fighting
 + Level 0.4 Armour
 + Level 2.0 Dodging
 - Level 1.7 Stealth
 + Level 3.2 Spellcasting
 + Level 1.3 Conjurations
 + Level 1.2 Summonings
 + Level 1.2 Translocations


You had 7 spell levels left.
You knew the following spells:

 Your Spells              Type           Power      Damage    Failure   Level
a - Magic Dart            Conj           24%        1d4       11%         1

Your spell library contained the following spells:

 Spells                   Type           Power      Damage    Failure   Level
 Call Imp                 Summ           6%         N/A       17%         2
 Blink                    Tloc           12%        N/A       19%         2
 Slow                     Hex            8%         N/A       21%         1
 Call Canine Familiar     Summ           6%         N/A       34%         3
 Conjure Flame            Conj/Fire      4%         6-21      41%         3
 Portal Projectile        Hex/Tloc       8%         N/A       41%         3
 Mephitic Cloud           Conj/Pois/Air  3%         N/A       43%         3
 Leda's Liquefaction      Hex/Erth       1%         N/A       89%         4


Dungeon Overview and Level Annotations

Branches:
Dungeon (2/15)

Altars:


Innate Abilities, Weirdness & Mutations

You have hoof-like feet.


Message History

There is a stone staircase leading up here.
Found a stone staircase leading down.
You see here 4 stones.
Magic restored. 3 orcs and an orc priest come into view.
The orc shouts! x2; The orc priest shouts!
You hear an angry hiss.
You see here 4 stones.
There is a stone staircase leading up here.
The orc closely misses you.
You barely miss the orc. Your kick misses the orc.
You hit the orc but do no damage. The orc barely misses you.
You hit the orc.
The orc is almost dead.
The orc closely misses you.
You barely miss the orc. Your kick misses the orc.
The orc is almost dead.
You hit the orc.
You kill the orc!
You hit the orc. Your kick misses the orc.
The orc is heavily wounded.
The orc closely misses you.
You hit the orc.
You kill the orc!
You have reached level 3!
Your experience leads to an increase in your attributes!
Increase (S)trength, (I)ntelligence, or (D)exterity?
You feel stronger. x2; Your demonic ancestry asserts itself...
Your feet thicken and deform.
You hit the orc priest. You kick the orc priest.
The orc priest is moderately wounded.
You barely miss the orc priest. You kick the orc priest.
The orc priest is heavily wounded.
The orc priest invokes the aid of Beogh against you.
Beogh smites you!
Ouch! That really hurt!
You barely miss the orc priest.
The orc priest is heavily wounded.
The orc priest calls down the wrath of Beogh upon you.
Pain shoots through your body!
You die...

### #.#
#.# #.#
#.# #.#
#@# # #o#
##o..
##(#...oo.
#....#
#...###
#..#.#
.......
.><(###.#
.... ..#


You could see an orc priest.

Vanquished Creatures
  2 dart slugs (D:1)
  2 orcs (D:2)
  3 ball pythons (D:1)
  2 endoplasms
  2 hobgoblins (D:1)
  2 kobolds (D:1)
  3 quokkas (D:1)
  3 bats (D:1)
  2 frilled lizards (D:1)
  A rat (D:1)
22 creatures vanquished.

Vanquished Creatures (others)
  5 withered plants (D:1)
5 creatures vanquished.

Grand Total: 27 creatures vanquished

Notes
Turn   | Place    | Note
-------+----------+-------------------------------------------
     0 | D:1      | javelincjr the Demonspawn Hedge Wizard began the quest for
                  | the Orb.
     0 | D:1      | Reached XP level 1. HP: 13/13 MP: 4/4
    51 | D:1      | Reached skill level 1 in Translocations
   228 | D:1      | Gained mutation: You have large cloven feet. [demonic
                  | ancestry]
   228 | D:1      | Reached XP level 2. HP: 15/20 MP: 6/6
   434 | D:1      | Found a faded altar of an unknown god.
  1288 | D:2      | Gained mutation: You have hoof-like feet. [demonic
                  | ancestry]
  1288 | D:2      | Reached XP level 3. HP: 25/25 MP: 7/7
  1290 | D:2      | Killed from afar by an orc priest

Illustrated notes

Levels and vault maps discovered:
D:1:      dpeg_arrival_pits, layout_basic, ebering_ecumenical_altar_petrified
D:2:      layout_rooms, uniq_robin

Skill      XL: |  1  2 |
---------------+-------+-----
Translocations | 1 |  1.2
Dodging        | 2 |  2.0
Fighting       | |  0.8
Armour         | |  0.4
Stealth        | |  1.7
Spellcasting   | |  3.2
Conjurations   | |  1.3
Summonings     | |  1.2

Action                   || total
-------------------------++-------
Melee: Dagger            ||    33
       Short sword       ||    44
       Kick              ||    21
       Punch             ||     2
 Cast: Magic Dart        ||    12
 Stab: Sleeping          ||     1
Armor: Robe              ||     7
Dodge: Dodged            ||    30
